 Dungeon Crawl Stone Soup version 0.31.0-1-g2c135a0 (webtiles) character file.

Game seed: 2670696674248012854

133 francois the Cudgeller (level 4, -2/41 HPs)
             Began as a Minotaur Berserker on Feb 9, 2024.
             Was a Believer of Trog.
             Slain by an ogre
             ... wielding a +0 giant spiked club
              (25 damage)
             ... on level 4 of the Dungeon.
             The game lasted 00:14:53 (2635 turns).

francois the Cudgeller (Minotaur Berserker)         Turns: 2635, Time: 00:14:53

Health: -2/41      AC: 10    Str: 22    XL:     4   Next: 94%
Magic:  12/12      EV:  9    Int:  4    God:    Trog [**....]
Gold:   73         SH:  0    Dex: 11    Spells: 3/3 levels left

rFire   . . .        a - +0 mace
rCold   . . .        (no shield)
rNeg    . . .        k - +0 chain mail
rPois   .            g - +1 hat
rElec   .            (no cloak)
rCorr   +            (no gloves)
SInv    .            (no boots)
Will    .....        (no amulet) Stlth
                     h - ring of magical power
HPRegen 0.26/turn    i - ring of resist corrosion
MPRegen 0.13/turn

%: no passive effects
@: no status effects
A: horns 2, retaliatory headbutt
a: Renounce Religion, Berserk, Trog's Hand


You were on level 4 of the Dungeon.
You worshipped Trog.
Trog was pleased with you.
You visited 1 branch of the dungeon, and saw 4 of its levels.

You collected 73 gold pieces.

Inventory:

Hand Weapons
 a - a +0 mace (weapon)
 c - a +0 short sword
 e - a +1 dagger of holy wrath
 n - a +2 spear of venom
 o - the +2 quarterstaff of Anobonoo {freeze, ^Contam rPois rN++ Dex+8}
   (You found it on level 3 of the Dungeon)

   Dex+8:     It affects your dexterity (+8).
   rPois:     It protects you from poison rN++: It greatly protects you from
   negative energy.
   ^Contam:   It causes magical contamination when unequipped.
Missiles
 d - 22 stones (quivered)
Armour
 b - a +0 animal skin
 f - a +0 robe
 g - a +1 hat (worn)
 j - a +0 ring mail
 k - a +0 chain mail (worn)
Jewellery
 h - a ring of magical power (left hand)
 i - a ring of resist corrosion (right hand)
Wands
 l - a wand of flame (4)
 q - a wand of paralysis (9)
Scrolls
 p - a scroll of teleportation
 r - a scroll of identify
Potions
 m - a potion of degeneration {unknown}


   Skills:
 + Level 4.7 Fighting
 * Level 5.3 Maces & Flails
 * Level 3.1 Armour
 + Level 2.8 Dodging
 - Level 0.1 Stealth


You had 3 spell levels left.
You didn't know any spells.
Your spell library contained the following spells:

 Spells                   Type           Power      Damage    Failure   Level
 Apportation              Tloc           0%         N/A       98%         1
 Jinxbite                 Hex            0%         N/A       99%         2
 Alistair's Intoxication  Alch           0%         N/A       100%        5


Dungeon Overview and Level Annotations

Branches:
Dungeon (4/15)
 Temple: D:4-7

Altars:
Dithmenos
Hepliaklqana

Shops:
D:3 [   D:4 :


Innate Abilities, Weirdness & Mutations

You have a pair of horns on your head.
You reflexively headbutt those who attack you in melee.


Message History

You kill the adder!
Trog accepts your kill.
No target in view!
You see here a +0 dagger. 3 jackals come into view.
The jackal barks! x3; You hear a shout!
A jackal comes into view.
The jackal moves out of view. x2
You sock the jackal!
You kill the jackal!
Trog accepts your kill.
There are no items here.
The jackal barely misses you.
You closely miss the jackal.
The jackal bites you but does no damage.
You closely miss the jackal.
The jackal bites you but does no damage. x2
You hit the jackal. You headbutt the jackal.
You kill the jackal!
Trog accepts your kill.
You closely miss the jackal. You headbutt the jackal.
The jackal is heavily wounded.
The jackal bites you but does no damage.
The jackal barely misses you. You furiously retaliate!
You headbutt the jackal.
You kill the jackal!
Trog accepts your kill.
An ogre comes into view. It is wielding a +0 giant spiked club.
The ogre shouts!
You hear a shout!
The ogre moves out of view.
You see here a jackal corpse.
Found Yrret's Book Shop.
You see here a jackal corpse.
You hit the ogre. You headbutt the ogre.
The ogre is moderately wounded.
The ogre hits you with a +0 giant spiked club!!
You closely miss the ogre.
The ogre is moderately wounded.
The ogre hits you with a +0 giant spiked club!!
Ouch! That really hurt!
You die...

..∩.........#
............
........... .....
.......... ##....
.......# #.....
#.....# #....# #..#
#....#####.####..#
#....##.@O........
#....##.##..####.#
#.......###.#
#....#### .# #....#
.. . #....# #..#..
###....## .....
#.......######...##
#.......##.........


You could see an ogre.

Vanquished Creatures
  A gnoll (D:2)
  4 adders
  4 dart slugs
  A ribbon worm (D:3)
  7 bats
  6 endoplasms
  5 giant cockroaches
  4 hobgoblins
  6 jackals
  8 kobolds
  4 quokkas
  4 ball pythons
  3 frilled lizards
  10 goblins
  4 rats
71 creatures vanquished.

Notes
Turn   | Place    | Note
-------+----------+-------------------------------------------
     0 | D:1      | francois the Minotaur Berserker began the quest for the
                  | Orb.
     0 | D:1      | Reached XP level 1. HP: 19/19 MP: 0/0
   175 | D:1      | Reached XP level 2. HP: 26/27 MP: 1/1
   332 | D:1      | Reached skill level 4 in Maces & Flails
   604 | D:1      | Reached XP level 3. HP: 34/34 MP: 2/2
  1471 | D:2      | Found a faded altar of an unknown god.
  1664 | D:2      | Reached XP level 4. HP: 36/41 MP: 3/3
  1759 | D:2      | Reached ** piety under Trog
  1958 | D:3      | Found Urra's Antique Armour Emporium.
  1967 | D:3      | Found a hazy altar of Hepliaklqana.
  2098 | D:3      | Found a shadowy altar of Dithmenos.
  2109 | D:3      | Identified the +2 quarterstaff of Anobonoo {freeze, ^Contam
                  | rPois rN++ Dex+8}
  2185 | D:3      | Reached skill level 5 in Maces & Flails
  2626 | D:4      | Noticed an ogre
  2628 | D:4      | Found Yrret's Book Shop.
  2635 | D:4      | Slain by an ogre

Illustrated notes

Levels and vault maps discovered:
D:1:      dpeg_arrival_triangle_fractal, layout_basic, kennysheep_another_room
D:2:      layout_loops_cross, hellmonk_ecumenical_altar_run_dry,
          minmay_octomino_j4
D:3:      layout_loops_cross, overflow_temple_1_default,
          nicolae_dithmenos_through_a_glass_darkly, serial_shops,
          nicolae_shop_dealshenge
D:4:      layout_rooms, kennysheep_orc_sif_temple, serial_shops, shop

Skill      XL: |  1  2  3  4 |
---------------+-------------+-----
Fighting       | 4 |  4.7
Maces & Flails | 4 5 |  5.3
Armour         | 3 |  3.1
Dodging        | |  2.8
Stealth        | |  0.1

Action                     |  1- 3 |  4- 6 || total
---------------------------+-------+-------++-------
  Melee: Mace              |    72 |    63 ||   135
         Headbutt          |    11 |    13 ||    24
         Punch             |       |     1 ||     1
  Throw: Stone             |       |     1 ||     1
    Use: Scroll            |     6 |     2 ||     8
         Potion            |     3 |       ||     3
   Stab: Distracted        |       |     1 ||     1
 Armour: Animal skin       |     7 |       ||     7
         Robe              |    23 |       ||    23
         Chain mail        |    14 |    43 ||    57
  Dodge: Dodged            |    50 |    25 ||    75
